 Dungeon Crawl Stone Soup version 0.30.1-11-g7821555f0a (webtiles) character file.

Game seed: 5812028339805536180

1157 Jessie937 the Trooper (level 8, -1/71 HPs)
             Began as a Minotaur Berserker on Nov 8, 2023.
             Was a Priest of Trog.
             Slain by a two-headed ogre
             ... wielding a +0 giant spiked club
              (12 damage)
             ... on level 7 of the Dungeon.
             The game lasted 00:14:29 (2076 turns).

Jessie937 the Trooper (Minotaur Berserker)          Turns: 2076, Time: 00:14:30

Health: -1/71      AC:  5    Str: 29    XL:     8   Next: 16%
Magic:  7/7        EV: 14    Int:  4    God:    Trog [***...]
Gold:   128        SH:  0    Dex: 17    Spells: 7/7 levels left

rFire   . . .        e - +2 short sword (drain)
rCold   . . .        (no shield)
rNeg    . . .        d - +0 troll leather armour
rPois   .            (helmet restricted)
rElec   .            (no cloak)
rCorr   .            (no gloves)
SInv    .            (no boots)
Will    .....        (no amulet)
Stlth   ++           g - +6 ring of dexterity
HPRegen 1.11/turn    i - +6 ring of strength
MPRegen 0.10/turn

%: no passive effects
@: about to teleport, marked
A: horns 2, retaliatory headbutt
a: Renounce Religion, Berserk, Trog's Hand


You were on level 7 of the Dungeon.
You worshipped Trog.
Trog was most pleased with you.
You visited 1 branch of the dungeon, and saw 7 of its levels.

You collected 128 gold pieces.

Inventory:

Hand Weapons
 a - a +0 hand axe
 e - a +2 short sword of draining (weapon)
Armour
 b - a +0 animal skin
 d - a +0 troll leather armour (worn)
Jewellery
 g - a +6 ring of dexterity (left hand)
 i - a +6 ring of strength (right hand)
 m - a +5 ring of evasion
Wands
 j - a wand of paralysis (10)
Scrolls
 h - a scroll of identify
 k - a scroll of magic mapping
 n - a scroll of teleportation
 o - a scroll of vulnerability {unknown}
Potions
 f - a potion of ambrosia
 l - a potion of curing


   Skills:
 + Level 6.4 Fighting
 + Level 4.7 Short Blades
 + Level 5.5 Axes
 + Level 5.5 Armour
 + Level 5.2 Dodging
 + Level 1.4 Stealth


You had 7 spell levels left.
You didn't know any spells.
Your spell library was empty.

Dungeon Overview and Level Annotations

Branches:
Dungeon (7/15)
 Temple: D:4-7

Altars:
Ru
Zin


Innate Abilities, Weirdness & Mutations

You have a pair of horns on your head.
You reflexively headbutt those who attack you in melee.


Message History

The steam dragon bites you!
The steam dragon claws you but does no damage.
The kobold barely misses you. You furiously retaliate!
You headbutt the kobold!
You kill the kobold!
Trog accepts your kill.
A sky beast comes into view.
The bullfrog hits you but does no damage.
You hit the steam dragon but do no damage.
You drain the steam dragon.
The steam dragon is lightly wounded.
The bullfrog closely misses you. You furiously retaliate!
You headbutt the bullfrog.
The steam dragon bites you but does no damage.
The steam dragon closely misses you.
The two-headed ogre hits you with a +0 giant spiked club.
The two-headed ogre hits you with a +0 dire flail!
You hit the two-headed ogre. You drain the two-headed ogre.
You headbutt the two-headed ogre!
The two-headed ogre is moderately wounded.
The bullfrog hits you.
* * * LOW HITPOINT WARNING * * *
The steam dragon misses you. The steam dragon closely misses you.
The sky beast flickers out of sight!
Deactivating autopickup; reactivate with Ctrl-A.
As you read the scroll of teleportation, it crumbles to dust.
You feel strangely unstable.
The bullfrog hits you but does no damage.
The two-headed ogre hits you with a +0 giant spiked club!
* * * LOW HITPOINT WARNING * * *
The two-headed ogre barely misses you. The steam dragon bites you.
* * * LOW HITPOINT WARNING * * *
The steam dragon claws you but does no damage.
The bullfrog hits you.
* * * LOW HITPOINT WARNING * * *
You feel much better. The bullfrog hits you.
The steam dragon breathes steam at you. The ball of steam hits you!
* * * LOW HITPOINT WARNING * * *
The two-headed ogre hits you with a +0 giant spiked club!
You die...

.. # .. .####.
...#.## #....##
# #...§.
#..##..§# #
#.....O@###..#.
##.###)DF{.....
#. ##)####...
##.# #.#
####...###.#
...........#
####....####
##### ####.#
...# #.#


You could see a two-headed ogre (drained), a steam dragon (catching breath,
drained) and a bullfrog.

Vanquished Creatures
  Grinder (D:5)
  Sigmund (D:6)
  A sky beast (D:6)
  An ogre (D:5)
  A phantom (D:5)
  A kobold brigand (D:7)
  A bullfrog (D:6)
  2 scorpions
  2 jellies
  A hound (D:6)
  An iguana (D:5)
  2 orc wizards
  Robin (D:3)
  4 adders
  An ufetubus (D:6)
  6 orcs
  8 ball pythons
  An endoplasm (D:1)
  A giant cockroach (D:2)
  11 goblins
  9 hobgoblins
  4 jackals (D:1)
  A quokka (D:5)
  A bat (D:3)
  A frilled lizard (D:1)
  10 kobolds
  7 rats
81 creatures vanquished.

Notes
Turn   | Place    | Note
-------+----------+-------------------------------------------
     0 | D:1      | Jessie937 the Minotaur Berserker began the quest for the
                  | Orb.
     0 | D:1      | Reached XP level 1. HP: 19/19 MP: 0/0
   120 | D:1      | Reached XP level 2. HP: 21/27 MP: 1/1
   125 | D:1      | Reached skill level 4 in Fighting
   207 | D:1      | Reached ** piety under Trog
   437 | D:2      | Reached XP level 3. HP: 33/33 MP: 2/2
   754 | D:2      | Reached skill level 5 in Axes
   754 | D:2      | Reached XP level 4. HP: 28/41 MP: 3/3
  1061 | D:3      | Noticed Robin
  1082 | D:3      | Killed Robin
  1119 | D:3      | Reached XP level 5. HP: 47/47 MP: 4/4
  1395 | D:5      | Entered Level 5 of the Dungeon
  1399 | D:5      | Noticed an ogre
  1411 | D:5      | Noticed Grinder
  1430 | D:5      | Found a sacrificial altar of Ru.
  1469 | D:5      | Noticed a phantom
  1482 | D:5      | Killed a phantom
  1483 | D:5      | Reached skill level 1 in Short Blades
  1561 | D:5      | Reached XP level 6. HP: 53/55 MP: 5/5
  1582 | D:5      | Paralysed by Grinder for 4 turns
  1603 | D:5      | Killed Grinder
  1604 | D:5      | Reached skill level 5 in Fighting
  1644 | D:5      | Reached skill level 1 in Stealth
  1644 | D:5      | Reached XP level 7. HP: 45/61 MP: 6/6
  1674 | D:5      | Reached *** piety under Trog
  1761 | D:6      | Reached skill level 5 in Armour
  1824 | D:6      | Reached skill level 6 in Fighting
  1878 | D:6      | Found a glowing silver altar of Zin.
  1892 | D:6      | Noticed Sigmund
  1907 | D:6      | Killed Sigmund
  1908 | D:6      | Reached skill level 5 in Dodging
  1908 | D:6      | Reached XP level 8. HP: 58/71 MP: 7/7
  2060 | D:7      | Noticed a two-headed ogre
  2075 | D:7      | HP: 2/71 [bullfrog (6)]
  2076 | D:7      | Slain by a two-headed ogre

Illustrated notes

Levels and vault maps discovered:
D:1:      heliophobic_arrival_ceremonial_halls, layout_basic
D:2:      layout_loops_corners, basic_altar, minmay_split_cup_large
D:3:      layout_basic, bh_walls_and_bars, uniq_crazy_yiuf_cottage, uniq_robin
D:4:      layout_rooms, nicolae_sif_muna_little_library,
          minmay_misc_feat_ornament
D:5:      layout_basic, nicolae_ru_awakened_eye, serial_bayou_pond_b,
          uniq_grinder
D:6:      layout_loops_ring, zin_statuary, uniq_sigmund
D:7:      layout_loops_ring, minmay_temple_entry_ruins

Skill      XL: |  1  2  3  4  5  6  7 |
---------------+----------------------+-----
Axes           | 4 5 |  5.5
Fighting       | 4 5 6 |  6.4
Armour         | 3 4 5 |  5.5
Dodging        | 3 4 5 |  5.2
Short Blades   | 1 2 4 |  4.7
Stealth        | 1 |  1.4

Action                     |  1- 3 |  4- 6 |  7- 9 || total
---------------------------+-------+-------+-------++-------
  Melee: Hand axe          |    31 |       |       ||    31
         Headbutt          |     4 |    10 |    19 ||    33
         Punch             |     1 |     1 |       ||     2
         Short sword       |    29 |    72 |    60 ||   161
    Use: Potion            |     5 |     3 |     2 ||    10
         Scroll            |     3 |     4 |     2 ||     9
 Armour: Animal skin       |     5 |       |       ||     5
         Troll leather arm |    19 |    25 |    17 ||    61
  Dodge: Dodged            |    63 |    68 |    54 ||   185
